 Dungeon Crawl Stone Soup version 0.28.0-43-g3370ac3207 (webtiles) character file.

Game seed: 7491586298837302141

196 Zeld the Magician (level 5, -1/28 HPs)
             Began as a Deep Elf Fire Elementalist on Mar 15, 2022.
             Engulfed by a cloud of flame (29 damage)
             ... on level 3 of the Dungeon.
             The game lasted 00:03:41 (4300 turns).

Zeld the Magician (Deep Elf Fire Elementalist)      Turns: 4300, Time: 00:03:42

Health: -1/28      AC:  2    Str:  5    XL:     5   Next: 46%
Magic:  10/14      EV: 13    Int: 22    God:
Gold:   93         SH:  0    Dex: 15    Spells: 6/13 levels left

rFire   . . .      SeeInvis .   a - +0 long sword
rCold   . . .      Faith    .   (no shield)
rNeg    . . .      Spirit   .   e - +0 robe
rPois   .          Reflect  .   (no helmet)
rElec   .          Harm     .   (no cloak)
rCorr   .          Rampage  .   (no gloves)
Will    .....                   (no boots)
Stlth   ++........              (no amulet)
HPRegen 0.09/turn               (no ring)
MPRegen 0.14/turn               (no ring)

@: no status effects
A: no striking features
a: no special abilities


You were on level 3 of the Dungeon.
You visited 1 branch of the dungeon, and saw 3 of its levels.

You collected 93 gold pieces.

Inventory:

Hand Weapons
 a - a +0 long sword (weapon)
Armour
 e - a +0 robe (worn)
Jewellery
 j - a ring of protection from cold
Scrolls
 b - 2 scrolls of fog {unknown}
 c - a scroll of fear {unknown}
 d - a scroll of vulnerability {unknown}
 h - a scroll of teleportation {unknown}
 i - a scroll of identify {unknown}
 k - 3 scrolls of blinking {unknown}
 m - a scroll of brand weapon {unknown}
Potions
 f - a potion of magic {unknown}
 g - a potion of heal wounds {unknown}
 l - a potion of curing {unknown}


   Skills:
 + Level 3.3 Dodging
 + Level 3.4 Stealth
 * Level 4.8 Spellcasting
 + Level 2.4 Conjurations
 * Level 4.6 Fire Magic


You had 6 spell levels left.
You knew the following spells:

 Your Spells              Type           Power      Damage    Failure   Level
a - Foxfire               Conj/Fire      80%        2x1d8     2%          1
b - Scorch                Fire           50%        2d8       2%          2
c - Flame Wave            Conj/Fire      20%        2d7       24%         4

Your spell library contained the following spells:

 Spells                   Type           Power      Damage    Failure   Level
 Conjure Flame            Conj/Fire      20%        6-21      7%          3
 Inner Flame              Hex/Fire       15%        N/A       12%         3


Dungeon Overview and Level Annotations

Branches:
Dungeon (3/15)

Altars:
Ashenzari


Message History

a +0 dagger; 10 stones Partly explored, can't reach some places.
Partly explored, can't reach some places.
Partly explored, can't reach some places.
Partly explored, can't reach some places.
You hit the bush but do no damage.
The bush is lightly damaged.
You hit the bush but do no damage.
Casting: Flame Wave (extremely dangerous; 24% risk of failure)
Confirm with . or Enter, or press ? or * to list all spells.
You don't know that spell.
Unknown command.
Casting: Flame Wave (extremely dangerous; 24% risk of failure)
Confirm with . or Enter, or press ? or * to list all spells.
You don't know that spell.
Unknown command.
Casting: Flame Wave (extremely dangerous; 24% risk of failure)
Confirm with . or Enter, or press ? or * to list all spells.
You can't see any susceptible monsters within range! (Use Z to cast anyway.)
Casting: Flame Wave (extremely dangerous; 24% risk of failure)
Confirm with . or Enter, or press ? or * to list all spells.
The spell is extremely dangerous to miscast (24% risk of failure)!
Continue anyway?
Casting: Flame Wave (extremely dangerous; 24% risk of failure)
Press: ? - help, Dir - look around, f - activate A wave of flame ripples out!
The flame wave engulfs the bush.
The bush is on fire!
The bush is lightly damaged.
The flame wave engulfs the plant!
The plant begins to die.
The plant is lightly damaged.
The tree burns like a torch!
The flame wave engulfs the bush.
The bush is on fire!
The bush is lightly damaged. (Press . to intensify the flame waves.) Unknown command.
Unknown command.
You slash the plant!
The plant is lightly damaged.
You are engulfed in blazing flames.
Ouch! That really hurt!
You die...

#.# ############..<...........
#.#♣♣P#♣♣..##..###.#.....#####
#.#♣....≈....P..##......## #
#.##.........PP#♣#...#..# #
#.#P)......#..#.♣###....# #
#.)))..§...#...P# ##..## #
####.......#...#♣ #.##
#P.......PPP§♣ ###
#♣P....P#PP@§♣ P#....♣#P#§##
####### ###


There were no monsters in sight!

Vanquished Creatures
  An orc wizard (D:3)
  7 adders
  4 worms
  2 dart slugs
  6 orcs (D:3)
  5 endoplasms
  4 giant cockroaches
  8 goblins
  11 hobgoblins
  5 jackals
  2 quokkas
  6 ball pythons
  8 bats
  4 frilled lizards (D:3)
  9 kobolds
  4 rats
  8 bushes (D:3)
94 creatures vanquished.

Vanquished Creatures (others)
  189 foxfires
  11 plants (D:3)
200 creatures vanquished.

Grand Total: 294 creatures vanquished

Notes
Turn   | Place    | Note
-------+----------+-------------------------------------------
     0 | D:1      | Zeld the Deep Elf Fire Elementalist began the quest for the
                  | Orb.
     0 | D:1      | Reached XP level 1. HP: 10/10 MP: 6/6
    51 | D:1      | Reached XP level 2. HP: 8/15 MP: 0/8
   568 | D:1      | Reached XP level 3. HP: 19/19 MP: 2/10
   571 | D:1      | Learned a level 2 spell: Scorch
   741 | D:1      | Found a faded altar of an unknown god.
  1878 | D:2      | Reached XP level 4. HP: 18/24 MP: 6/12
  1883 | D:2      | Learned a level 4 spell: Flame Wave
  3239 | D:3      | Reached XP level 5. HP: 28/28 MP: 8/13
  3541 | D:3      | Found a broken altar of Ashenzari.
  4300 | D:3      | Engulfed by a cloud of flame

Illustrated notes

Levels and vault maps discovered:
D:1:      lightli_arrival_maybe_door_vault, layout_basic,
          dreamdust_ecumenical_altar_angels_and_demons
D:2:      layout_basic
D:3:      layout_rooms, evilmike_ruin_ashenzari, amcnicky_mini_pool_small,
          lexackson_kobold_supper

Skill      XL: |  1  2  3  4 |
---------------+-------------+-----
Spellcasting   | 4 |  4.8
Fire Magic     | 4 |  4.6
Stealth        | 3 |  3.4
Conjurations   | 2 |  2.4
Dodging        | 3 |  3.3

Action                   |  1- 3 |  4- 6 || total
-------------------------+-------+-------++-------
Melee: Long sword        |       |     5 ||     5
 Cast: Foxfire           |    83 |    26 ||   109
       Scorch            |     6 |    39 ||    45
       Flame Wave        |       |     3 ||     3
Armor: Robe              |     4 |     5 ||     9
Dodge: Dodged            |     9 |    20 ||    29
